 Dungeon Crawl Stone Soup version 0.17.1-3-g152610e (webtiles) character file.

99 Woxaris the Firebug (level 4, 0/24 HPs)
             Began as a Deep Elf Fire Elementalist on Feb 26, 2016.
             Slain by Godah the big kobold (4 damage)
             ... created by the player character
             ... on level 2 of the Dungeon.
             The game lasted 00:07:33 (1528 turns).

Woxaris the Firebug (Deep Elf Fire Elementalist)    Turns: 1528, Time: 00:07:33

Health: 0/24       AC:  4    Str:  5    XL:     4   Next: 45%
Magic:  12/12      EV:  9    Int: 21    God:
Gold:   68         SH:  0    Dex: 15    Spells: 1 memorised, 10 levels left

rFire  . . .     SeeInvis .     h - +2 short sword (drain)
rCold  . . .     Clarity  .     a - +0 robe
rNeg   . . .     SustAt   .     (no shield)
rPois  .         Gourm    .     (no helmet)
rElec  .         Spirit   .     d - +0 cloak
rCorr  .         Warding  .     (no gloves)
rMut   .         Stasis   .     (no boots)
MR     .....                    (no amulet)
Stlth  ++........               (no ring)
                                j - ring of flight

@: lethally poisoned (0 -> -3), constricted, drained, not resistant to hostile
enchantments, unstealthy
A: icy blue scales 1
a: Evoke Flight


You were on level 2 of the Dungeon.
You were hungry.

You visited 1 branch of the dungeon, and saw 2 of its levels.

You collected 84 gold pieces.

Inventory:

Hand Weapons
 h - a +2 short sword of draining (weapon)
Armour
 a - a +0 robe (worn)
 d - a +0 cloak (worn)
Jewellery
 j - a ring of flight (left hand)
Scrolls
 f - 2 scrolls of teleportation {unknown}
 m - 3 scrolls of remove curse {unknown}
Potions
 e - a potion of haste {unknown}
 i - a potion of mutation {unknown}
 k - a potion of invisibility {unknown}
 l - a potion of heal wounds
 n - a potion of degeneration {unknown}
 o - a potion of curing {unknown}
 q - 2 potions of brilliance {unknown}
Books
 b - a book of Flames

   Spells                             Type                      Level
   a - Flame Tongue                   Conjuration/Fire             1
   b - Throw Flame                    Conjuration/Fire             2
   c - Conjure Flame                  Conjuration/Fire             3
   d - Inner Flame                    Hexes/Fire                   3
   e - Sticky Flame                   Conjuration/Fire             4
   f - Fireball                       Conjuration/Fire             5
 p - a book of Summonings

   Spells                             Type                      Level
   a - Recall                         Summoning/Translocation      3
   b - Aura of Abjuration             Summoning                    5
   c - Shadow Creatures               Summoning                    5
   d - Summon Demon                   Summoning                    5
   e - Summon Forest                  Summoning/Translocation      5
   f - Summon Mana Viper              Hexes/Summoning              5
Miscellaneous
 r - a plain deck of wonders {drawn: 9}
Comestibles
 c - 4 bread rations
 g - a meat ration


   Skills:
 - Level 2.4(1.9) Dodging
 - Level 2.4(1.9) Stealth
 + Level 4.2(3.6) Spellcasting
 + Level 2.2(1.7) Conjurations
 * Level 4.7(4.2) Fire Magic


You had 10 spell levels left.
You knew the following spells:

 Your Spells              Type           Power        Failure   Level  Hunger
a - Flame Tongue          Conj/Fire      ###..        4%          1    None


Dungeon Overview and Level Annotations

Branches:
Dungeon (2/15)

Altars:
Makhleb


Innate Abilities, Weirdness & Mutations

You are partially covered in icy blue scales (AC +1).


Message History

You cannot afford Godah's fee of 101 gold!
Godah attacks!
Godah the big kobold comes into view.
You draw a card...
It is Wild Magic.
You feel a surge of magic.
You feel your power returning. Wyfris closely misses you.
Wyfris closely misses you. Godah misses you.
You draw a card...
It is Wild Magic.
Godah shivers with cold.
You feel a surge of magic.
You feel sick. Godah misses you.
You draw a card...
It is the Mercenary.
You cannot afford Nidweo Odun's fee of 277 gold!
Nidweo Odun attacks!
Nidweo Odun the merfolk comes into view.
It is wielding a trident of freezing.
Wyfris completely misses you. Wyfris barely misses you.
Velul hits you with a hand axe of draining!
You feel drained.
* * * LOW HITPOINT WARNING * * *
Velul grabs you.
* * * LOW HITPOINT WARNING * * *
Velul constricts you. Godah hits you.
You die...

#..###.###.##.# #.# #.#.# #..#
#.#......# #.# #.#.. #..#
#.#......# #.# #.### ...#
#.......†# #.# #...# .# ##.#
##.....# #.# #.##.# #.# #.....#
#.# #.##.# #.## #.# #.# #.##.#
#..### #.# #######.# #.##.#
#....####.####K@N....######.##.#
#.._.........mN######....<..##.#
##....###.###### #.....K.....#
##...# #.# #..########.# #####
#.# #..# #.# #.# #..# #.# #.#
#..# ######.# #.# ..># #......#
#.# .#.## #.####.#


You could see Nidweo Odun the merfolk, Godah the big kobold, Velul the naga and
Wyfris the naga.

Vanquished Creatures
  2 gnolls (D:2)
  3 adders (D:2)
  An ooze (D:1)
  A worm (D:2)
  2 giant geckos
  A ball python (D:1)
  A giant cockroach (D:1)
  5 goblins
  5 hobgoblins
  2 bats (D:1)
  3 giant newts
  4 jackals (D:1)
  3 kobolds
  2 quokkas (D:2)
  8 rats
43 creatures vanquished.

Notes
Turn   | Place    | Note
--------------------------------------------------------------
     0 | D:1      | Woxaris the Deep Elf Fire Elementalist began the quest for the Orb.
     0 | D:1      | Reached XP level 1. HP: 10/10 MP: 6/6
   204 | D:1      | Reached XP level 2. HP: 15/15 MP: 6/8
   434 | D:1      | Reached skill level 4 in Fire Magic
   647 | D:1      | Reached XP level 3. HP: 19/19 MP: 6/9
  1421 | D:2      | Reached XP level 4. HP: 22/24 MP: 6/11
  1434 | D:2      | Noticed Velul
  1464 | D:2      | Found a burning altar of Makhleb.
  1518 | D:2      | Noticed Wyfris
  1524 | D:2      | Gained mutation: You are partially covered in icy blue scales (AC +1). [helix card]
  1525 | D:2      | Noticed Godah
  1528 | D:2      | Noticed Nidweo Odun
  1528 | D:2      | Slain by Godah the big kobold

Action                   |  1- 3 |  4- 6 || total
-------------------------+-------+-------++-------
Melee: Unarmed           |     6 |       ||     6
 Cast: Flame Tongue      |    62 |    12 ||    74
Evoke: Deck              |       |     9 ||     9
  Use: Potion            |       |     1 ||     1
  Eat: Chunk             |     1 |       ||     1
